Map: Port Aleksander LE

Players

arkRoYaL - Winner!

  • Race: Protoss Protoss
  • League: Platinum
  • Spawn Location: 5:00

Mesrob

  • Race: Terran Terran
  • League: Gold
  • Spawn Location: 11:00

VOD

Have the link to the VOD?

Description

Time

  • Played on: Jan. 18, 2019, 3:55 p.m.
  • Length: 21:21
Show
View Real Time Build Order
Export as new Build Order

arkRoYaL Protoss - Winner!

Build Orders: Double Forge, Colossus Rush 

Get SALT Encoding   

  12  0:01  Probe  
  13  0:13  Probe  
  14  0:20  Pylon  
  14  0:25  Probe  
  15  0:36  Probe  
  15  0:40  Gateway  
  16  0:44  Probe  
  17  0:51  Assimilator  
  17  0:52  Probe  
  18  1:04  Probe  
  19  1:12  Probe  
  19  1:13  Pylon  
  20  1:20  Probe  
  21  1:27  Assimilator  
  21  1:31  Probe  
  22  1:34  Cybernetics Core  
  22  1:43  Probe  
  23  1:59  Nexus  
  23  2:01  Probe  
  24  2:11  Stalker  
  24  2:15  Probe  
  27  2:27  Pylon, Probe  
  28  2:39  Probe  
  28  2:41  Sentry  
  31  2:46  Robotics Facility  
  31  2:51  Probe  
  32  3:00  Probe  
  32  3:02  Warp Gate  
  33  3:07  Stalker  
  33  3:08  Probe  
  36  3:13  Probe  
  37  3:25  Probe  
  38  3:37  Probe  
  38  3:38  Probe  
  40  3:42  Robotics Bay  
  40  3:47  Gateway  
  40  3:48  Stalker, Gateway  
  40  3:49  Probe  
  40  3:52  Observer, Probe  
  45  4:00  Pylon  
  45  4:02  Probe  
  46  4:03  Assimilator  
  46  4:04  Probe  
  47  4:14  Probe  
  47  4:16  Probe  
  49  4:19  Assimilator  
  49  4:20  Stalker  
  51  4:24  Probe  
  51  4:26  Probe  
  53  4:32  Probe  
  53  4:38  Probe  
  55  4:43  Probe  
  55  4:44  Forge  
  56  4:48  Extended Thermal Lance  
  56  4:50  Probe  
  56  4:52  Forge  
  57  4:57  Forge  
  57  4:59  Pylon  
  57  5:03  Probe  
  57  5:04  Probe  
  57  5:06  Colossus  
  59  5:09  Pylon  
  59  5:13  Pylon  
  59  5:17  Protoss Ground Weapons Level 1  
  59  5:18  Protoss Ground Armor Level 1  
  65  5:34  Probe x2, Nexus  
  67  5:38  Pylon  
  67  5:46  Probe x2  
  69  5:58  Probe x2  
  69  6:00  Colossus  
  77  6:06  Photon Cannon  
  77  6:08  Shield Battery  
  77  6:10  Probe x2  
  79  6:15  Photon Cannon  
  79  6:22  Probe x2  
  79  6:24  Shield Battery  
  81  6:28  Shield Battery  
  81  6:31  Photon Cannon  
  81  6:34  Probe  
  81  6:35  Probe  
  83  6:47  Probe  
  84  6:51  Probe  
  85  6:59  Assimilator  
  85  7:01  Assimilator  
  85  7:02  Pylon  
  85  7:03  Probe  
  85  7:06  Pylon  
  85  7:08  Pylon  
  86  7:11  Gateway  
  86  7:12  Gateway  
  86  7:16  Probe, Gateway  
  86  7:18  Gateway  
  86  7:21  Gateway  
  87  7:25  Pylon  
  87  7:27  Stalker x3  
  87  7:28  Twilight Council  
  87  7:29  Pylon  
  93  7:30  Colossus  
  99  7:46  Protoss Ground Weapons Level 2  
  99  7:49  Protoss Ground Armor Level 2  
  99  7:54  Nexus  
  99  7:55  Pylon  
  99  7:58  Pylon  
  99  7:59  Probe  
  99  8:00  Probe x2  
  99  8:01  Pylon  
  102  8:09  Zealot  
  102  8:10  Zealot x4  
  102  8:12  Probe x2  
  114  8:23  Colossus  
  120  8:28  Photon Cannon  
  120  8:31  Charge  
  120  8:32  Shield Battery  
  120  8:38  Templar Archives  
  120  8:44  Zealot x2  
  120  8:45  Zealot x3  
  120  8:46  Zealot  
  132  9:11  Stargate  
  132  9:15  Pylon, Zealot x8  
  132  9:16  Pylon  
  148  9:26  Photon Cannon  
  148  9:28  Probe x3  
  148  9:30  Photon Cannon  
  148  9:31  Probe  
  152  9:33  Photon Cannon  
  152  9:43  Probe  
  153  9:52  Zealot x8  
  169  10:07  Observer  
  170  10:15  Fleet Beacon  
  170  10:21  Protoss Ground Weapons Level 3  
  170  10:22  Protoss Ground Armor Level 3  
  170  10:24  Gateway  
  170  10:26  Gateway  
  170  10:29  Observer, Gateway x2  
  170  10:34  Gateway  
  171  10:38  Pylon  
  171  10:50  Assimilator  
  171  10:51  Nexus  
  171  10:52  Pylon  
  171  10:54  Assimilator  
  171  10:55  Pylon  
  171  11:00  Pylon  
  171  11:03  High Templar  
  173  11:04  High Templar x6  
  173  11:05  High Templar  
  173  11:08  Archon x3  
  173  11:09  Archon  
  187  11:18  Photon Cannon  
  187  11:20  Photon Cannon  
  187  11:22  Photon Cannon  
  187  11:24  Shield Battery  
  187  11:27  Shield Battery  
  187  11:32  Photon Cannon  
  187  11:37  Shield Battery  
  187  11:42  Zealot  
  187  11:43  Zealot x3  
  175  11:58  High Templar x3  
  175  11:59  High Templar x6  
  191  12:05  Archon x4  
  191  12:08  High Templar  
  191  12:14  Zealot  
  191  12:15  Zealot x2  
  199  12:17  Archon  
  199  12:44  Stargate  
  157  12:58  Zealot x7  
  137  12:59  Zealot x6  
  132  13:17  Stargate  
  132  13:19  Stargate  
  120  13:20  Stargate  
  120  13:23  Stargate  
  118  13:32  Zealot x7  
  118  13:33  Zealot x6  
  102  14:03  Tempest x4  
  102  14:04  Tempest  
  102  14:07  Tempest  
  102  14:22  Robotics Facility  
  102  14:23  Robotics Facility  
  102  14:25  Robotics Facility  
  106  14:31  Immortal  
  106  14:46  Zealot x3  
  106  14:47  Zealot x10  
  106  14:51  Void Ray x2  
  106  14:52  Void Ray  
  144  14:53  Void Ray x2  
  144  14:54  Void Ray  
  156  15:00  Immortal  
  156  15:05  Immortal x3  
  156  15:08  Protoss Air Weapons Level 1  
  160  15:16  Assimilator  
  160  15:19  Assimilator  
  172  15:40  Immortal  
  176  15:44  Immortal, Tempest x3  
  176  15:45  Tempest  
  200  16:17  Nexus  
  190  16:20  Pylon  
  190  16:24  Pylon  
  162  16:26  Pylon  
  162  16:31  Pylon  
  126  16:51  Zealot x7  
  126  16:52  Zealot x6  
  122  17:03  Protoss Air Armor Level 1  
  118  17:09  Tempest x5  
  118  17:10  Tempest  
  148  17:20  Immortal x2  
  160  17:22  Immortal  
  160  17:46  Shield Battery  
  160  17:48  Shield Battery  
  160  17:49  Shield Battery  
  160  17:52  Tempest  
  169  17:58  Immortal  
  169  17:59  Immortal  
  169  18:05  High Templar x10  
  183  18:06  High Templar x3  
  196  18:35  Archon x6  
  163  18:50  High Templar x5  
  168  19:02  Archon x2  
  166  19:07  Probe  
  167  19:10  Probe x3  
  167  19:16  Assimilator  
  170  19:17  Assimilator  
  170  19:19  Probe  
  170  19:22  Probe x3  
  174  19:28  Pylon, Nexus  
  174  19:30  Pylon  
  174  19:31  Probe  
  175  19:33  Pylon, Zealot x2  
  175  19:34  Probe x3, Zealot x9  
  200  19:57  Photon Cannon  
  200  19:58  Photon Cannon  
  200  20:00  Photon Cannon  
  200  20:02  Photon Cannon  
  200  20:07  Photon Cannon  
  186  21:00  Zealot  
  186  21:01  Zealot x10  
  186  21:02  Zealot x2  
Show
View Real Time Build Order
Export as new Build Order

Mesrob Terran 

Build Orders: Mech 

Get SALT Encoding   

  12  0:00  SCV  
  13  0:12  SCV  
  14  0:19  Supply Depot  
  14  0:24  SCV  
  15  0:41  SCV  
  15  0:42  Barracks  
  16  0:48  Refinery  
  16  0:53  SCV  
  17  1:05  SCV  
  18  1:17  SCV  
  19  1:29  Orbital Command  
  19  1:40  Command Center  
  19  1:43  Marine  
  20  1:56  SCV  
  21  2:03  Barracks Tech Lab  
  21  2:04  Factory  
  21  2:18  Bunker  
  21  2:20  SCV  
  22  2:24  Supply Depot  
  22  2:32  SCV  
  23  2:45  SCV  
  23  2:47  Engineering Bay  
  24  2:59  Supply Depot  
  24  3:04  Orbital Command  
  24  3:08  Refinery, Marine  
  24  3:11  Siege Tank  
  28  3:18  Refinery  
  28  3:22  Supply Depot  
  28  3:27  Armory  
  28  3:29  SCV  
  29  3:35  SCV  
  29  3:41  SCV  
  31  3:47  SCV  
  32  3:54  Siege Tank  
  35  4:08  Command Center  
  35  4:11  SCV  
  36  4:17  SCV  
  36  4:23  SCV  
  38  4:26  Siege Tank  
  38  4:29  SCV  
  42  4:33  Supply Depot  
  42  4:37  Missile Turret  
  42  4:45  Missile Turret  
  42  4:56  Terran Vehicle Weapons Level 1  
  42  5:03  Missile Turret  
  42  5:05  SCV x2  
  44  5:09  Missile Turret  
  44  5:14  Marine  
  44  5:16  Siege Tank  
  44  5:17  SCV  
  44  5:18  SCV  
  44  5:20  Supply Depot  
  50  5:23  Missile Turret  
  50  5:30  Missile Turret, SCV x2  
  50  5:31  Armory  
  52  5:36  Refinery  
  52  5:42  SCV x2  
  54  5:44  Supply Depot  
  54  5:54  SCV x2  
  54  5:56  Planetary Fortress  
  56  6:04  Missile Turret  
  56  6:06  SCV x2  
  58  6:18  SCV, Thor  
  59  6:19  SCV  
  66  6:25  Missile Turret  
  66  6:27  Supply Depot  
  66  6:28  Supply Depot  
  66  6:30  SCV  
  66  6:31  SCV  
  68  6:33  Refinery  
  68  6:42  SCV  
  68  6:43  Factory x2, SCV  
  68  6:46  Missile Turret  
  70  6:52  Supply Depot x2  
  70  6:54  Terran Vehicle And Ship Armor Level 1  
  70  6:59  Refinery  
  70  7:08  SCV x2  
  71  7:09  SCV  
  73  7:18  Sensor Tower  
  73  7:20  SCV  
  74  7:27  SCV  
  74  7:28  SCV  
  76  7:31  Factory Reactor x2  
  76  7:32  SCV  
  76  7:33  Thor  
  83  7:39  SCV  
  83  7:43  Factory  
  84  7:48  Factory  
  84  7:52  Sensor Tower  
  84  7:53  SCV  
  84  7:54  SCV x2  
  87  8:04  Command Center  
  87  8:07  SCV  
  87  8:08  SCV x2  
  95  8:20  Hellbat x3, Hellion, SCV x2  
  95  8:21  Thor  
  106  8:29  Factory  
  106  8:34  Factory  
  106  8:47  SCV  
  106  8:48  SCV  
  108  8:49  SCV  
  109  8:56  Hellion, Factory Tech Lab x2  
  109  8:58  Hellbat  
  109  8:59  Hellbat x3  
  109  9:00  SCV  
  118  9:03  Thor  
  124  9:15  Command Center  
  124  9:18  Factory  
  124  9:24  Factory  
  124  9:30  Factory Tech Lab  
  124  9:31  Thor  
  124  9:32  Thor  
  124  9:34  Hellbat x4  
  124  9:35  Factory Tech Lab  
  146  10:00  Hellbat x2  
  146  10:06  Supply Depot  
  148  10:14  Hellbat, Thor x2  
  148  10:15  Hellbat  
  148  10:16  Thor  
  148  10:17  Planetary Fortress  
  170  10:22  Refinery  
  170  10:24  SCV  
  170  10:25  SCV  
  172  10:28  Supply Depot  
  172  10:32  Planetary Fortress  
  172  10:47  Refinery  
  172  10:49  Hellbat, Factory Reactor  
  176  10:50  Hellbat x2, Supply Depot  
  176  10:51  Hellbat, Thor  
  176  10:52  Thor  
  192  11:17  Thor  
  198  11:24  Terran Vehicle And Ship Armor Level 2  
  198  11:25  Terran Vehicle Weapons Level 2  
  198  11:33  Refinery  
  167  11:55  Refinery  
  167  11:56  Thor x4  
  167  12:00  Thor  
  181  12:05  Hellbat x5  
  181  12:06  Hellbat  
  193  12:13  Factory Reactor  
  193  12:29  Hellbat x3  
  167  12:54  Thor x4  
  167  12:55  Thor  
  167  12:57  Hellbat x4  
  167  12:58  Hellbat x4  
  117  13:22  Hellbat x2  
  117  13:23  Hellbat x2  
  120  13:27  Hellbat  
  105  13:37  Thor x3  
  104  14:04  Thor x2  
  104  14:09  Hellbat x3  
  114  14:10  Hellbat  
  114  14:11  Hellbat  
  116  14:19  Thor  
  116  14:21  SCV  
  116  14:23  SCV  
  116  14:24  SCV x2  
  126  14:33  SCV  
  126  14:35  SCV  
  126  14:36  SCV x2  
  130  14:41  Thor  
  140  14:45  Hellbat  
  140  14:46  Hellbat x3  
  140  14:47  SCV  
  140  14:48  SCV  
  146  14:53  Command Center  
  146  14:56  SCV  
  146  14:59  SCV  
  148  15:21  Hellbat  
  148  15:22  Hellbat x3, Thor x4  
  148  15:24  Hellbat, Thor  
  148  15:25  Hellbat  
  148  15:26  Hellbat  
  192  15:29  Hellbat  
  196  15:50  Hellbat x3  
  134  16:37  Thor x4  
  134  16:38  Thor  
  134  16:39  Hellbat x2  
  162  16:40  Hellbat x5  
  162  16:41  Hellbat  
  130  17:03  Hellbat  
  130  17:04  Hellbat x6  
  130  17:05  Hellbat  
  132  17:20  Thor x3  
  131  17:44  Thor x2  
  143  17:59  SCV  
  143  18:00  SCV  
  143  18:03  Command Center  
  143  18:04  SCV  
  146  18:11  SCV  
  146  18:12  SCV  
  148  18:13  SCV  
  148  18:16  SCV  
  150  18:23  SCV  
  150  18:24  SCV  
  150  18:25  SCV  
  153  18:28  SCV  
  154  18:35  SCV  
  154  18:36  SCV  
  154  18:37  Thor  
  108  18:58  Thor x2  
  108  19:00  Hellbat x2  
  108  19:01  Hellbat x2  
  120  19:04  Hellbat  
  120  19:07  Planetary Fortress  
  120  19:09  SCV  
  123  19:29  Planetary Fortress  
  123  19:34  Command Center  
  123  19:38  Thor  
  129  19:55  SCV  
  130  20:11  Refinery  
  130  20:37  Refinery  
  124  20:44  Hellbat x3  
  124  20:45  Hellbat x5  
Tags
 
Composition
Mech
Matchup
PvT
Replay Pack
sc2 replays
Spawn Locations
Cross Positions
Add a new tag
Caveats
  • Supply blocks, unpowered buildings, or Contaminate may cause inaccurate times.
  • Supply counts are checked every 10 seconds.